 Dungeon Crawl Stone Soup version 0.31-a0-924-ge39a22a033 (webtiles) character file.

Game seed: 12213599851943855583

34 BinkBink the Trooper (level 3, -4/29 HPs)
             Began as a Demonspawn Berserker on Oct 18, 2023.
             Was a Believer of Trog.
             Slain by Terence
             ... wielding a +2 trident of pain
              (11 damage)
             ... on level 3 of the Dungeon.
             The game lasted 00:01:50 (1208 turns).

BinkBink the Trooper (Demonspawn Berserker)         Turns: 1208, Time: 00:01:51

Health: -4/29      AC:  5    Str: 19    XL:     3   Next: 14%
Magic:  3/3        EV: 12    Int:  8    God:    Trog [**....]
Gold:   108        SH:  0    Dex: 18    Spells: 2/2 levels left

rFire   . . .        a - +0 hand axe
rCold   . . .        (no shield)
rNeg    . . .        g - +0 ring mail
rPois   .            (no helmet)
rElec   .            (no cloak)
rCorr   .            (no gloves)
SInv    .            (no boots)
Will    .....        (no amulet)
Stlth   +            j - +6 ring of dexterity
HPRegen 0.24/turn    (no ring)
MPRegen 0.08/turn

%: no passive effects
@: no status effects
A: sturdy frame 1
a: Renounce Religion, Berserk, Trog's Hand


You were on level 3 of the Dungeon.
You worshipped Trog.
Trog was pleased with you.
You visited 1 branch of the dungeon, and saw 3 of its levels.

You collected 108 gold pieces.

Inventory:

Hand Weapons
 a - a +0 hand axe (weapon)
Armour
 b - a +0 animal skin
 g - a +0 ring mail (worn)
Jewellery
 j - a +6 ring of dexterity (left hand)
Scrolls
 d - 2 scrolls of blinking {unknown}
 f - 5 scrolls of identify {unknown}
 i - a scroll of teleportation {unknown}
 k - a scroll of brand weapon {unknown}
 m - a scroll of amnesia {unknown}
Potions
 c - a potion of attraction {unknown}
 e - a potion of lignification {unknown}
 h - a potion of cancellation {unknown}
 l - a potion of curing


   Skills:
 + Level 3.2 Fighting
 * Level 3.2 Axes
 + Level 2.2 Armour
 + Level 2.1 Dodging


You had 2 spell levels left.
You didn't know any spells.
Your spell library was empty.

Dungeon Overview and Level Annotations

Branches:
Dungeon (3/15)

Altars:

Annotations:
D:3 Terence


Innate Abilities, Weirdness & Mutations

Your movements are slightly less encumbered by armour. (ER -2)


Message History

A malevolent force fills the Dungeon...
You fall into a shaft and drop 1 floor!
The shaft crumbles and collapses.
You hear the sound of rushing water.
There is an entrance to a sewer on this level.
Hurry and find it before the portal rusts away!
Found a stone staircase leading down and a stone staircase leading up.
There is a stone staircase leading down here.
Found a stone staircase leading up.
A goblin comes into view. It is wielding a +0 dagger.
The goblin shouts!
You hear a shout!
Terence the Incautious comes into view.
He is wielding a +2 trident of pain.
Terence hits you from afar with a +2 trident of pain.
Terence hits you with a +2 trident of pain.
You barely miss Terence. Terence closely misses you.
You hit Terence but do no damage. You barely miss the goblin.
The goblin hits you with a +0 dagger.
Terence hits you with a +2 trident of pain.
You hit Terence.
Terence is lightly wounded.
You hit the goblin.
You kill the goblin!
Trog accepts your kill.
Terence hits you with a +2 trident of pain!
* * * LOW HITPOINT WARNING * * *
You hit Terence but do no damage.
Terence is lightly wounded.
Terence hits you with a +2 trident of pain.
* * * LOW HITPOINT WARNING * * *
It was a potion of curing.
You feel better. Terence barely misses you.
You hit Terence but do no damage.
Terence is lightly wounded.
Terence hits you with a +2 trident of pain.
* * * LOW HITPOINT WARNING * * *
You hit Terence but do no damage.
Terence is lightly wounded.
Terence barely misses you.
You hit Terence.
Terence is moderately wounded.
Terence hits you with a +2 trident of pain!
You die...

....... ........#
........# ........#
........# #.....
........# .....
........#######.....
.......)@@....#.....
........#####.#.##.#
............#....#.##
.......<###.#.......#####
.......................>.
.##########.#..#....###.#
#.#..#....# #.#
#.#..#....# #.#
#.#..#....###.#


You could see Terence.

Vanquished Creatures
  A worm (D:2)
  3 ball pythons
  An endoplasm (D:2)
  A giant cockroach (D:1)
  4 goblins
  2 hobgoblins (D:1)
  4 quokkas (D:1)
  2 bats
  3 frilled lizards
  3 kobolds
  5 rats
29 creatures vanquished.

Notes
Turn   | Place    | Note
-------+----------+-------------------------------------------
     0 | D:1      | BinkBink the Demonspawn Berserker began the quest for the
                  | Orb.
     0 | D:1      | Reached XP level 1. HP: 18/18 MP: 1/1
     6 | D:1      | Noticed a swamp worm
     6 | D:1      | Noticed a polar bear
     6 | D:1      | Noticed an iguana
   207 | D:1      | Gained mutation: Your movements are slightly less
                  | encumbered by armour. (ER -2) [demonic ancestry]
   207 | D:1      | Reached XP level 2. HP: 24/24 MP: 2/2
  1012 | D:2      | Reached XP level 3. HP: 29/29 MP: 3/3
  1130 | D:2      | Reached ** piety under Trog
  1149 | D:2      | Identified the +1 quarterstaff of Deformation {distort,
                  | rPois}
  1163 | D:2      | You fall into a shaft and drop 1 floor!
  1199 | D:3      | Noticed Terence
  1208 | D:3      | Slain by Terence

Illustrated notes

Levels and vault maps discovered:
D:1:      onia_arrival_zoo_common, layout_loops_ring, minmay_tetromino_o4
D:2:      layout_basic
D:3:      layout_basic, marbit_many_paths, nicolae_overflow_squiral,
          cheibrodos_sewer_entry_sluice, uniq_terence

Skill      XL: |  1  2 |
---------------+-------+-----
Armour         | 2 |  2.2
Axes           | 3 |  3.2
Dodging        | 2 |  2.1
Fighting       | |  3.2

Action                     || total
---------------------------++-------
  Melee: Hand axe          ||    98
         Punch             ||     1
    Use: Potion            ||     1
 Armour: Animal skin       ||    24
         Ring mail         ||    29
  Dodge: Dodged            ||    70

Table legend: (Time is in decaauts)
 A = Elapsed time spent in this place.
 B = Non-inter-level travel time spent in this place.
 C = Inter-level travel time spent in this place.
 D = Time resting spent in this place.
 E = Time spent auto-exploring this place.
 F = Levels seen in this place.
 G = Mean time per level.
                   A        B        C        D        E       F      G
               +--------+--------+--------+--------+--------+-----+--------+
         Total |   1222 |   1192 |     30 |     77 |    883 |   3 |  407.3 |
       Dungeon |   1222 |   1192 |     30 |     77 |    883 |   3 |  407.3 |
               +--------+--------+--------+--------+--------+-----+--------+

Top non-repeatable levels by time:
     D:1: 925 daAuts
     D:2: 251 daAuts
     D:3: 45 daAuts
